cohdb
Replays
Latest Replays
All Replays
Popular Replays
Top Player Replays
Match Explorer
How It Works
Community
CoH3 Stats
Reddit
Sign in to upload your games and track your stats! →
Sign in with Steam
Match 41848825
Unlisted
Match 41848825
Overview
Messages
Build Orders
End
Construct Barracks
Selects Heavy Weapons
Riflemen Squad
Riflemen Squad
M1 Mortar Team
Riflemen Squad
Infantry Support Center
Construct Medical Station
Grenade Package
Selects Assault Carriers
Selects Exchangeable Parts
Engineer Squad
M1918 Browning Automatic Rifles
Construct Motor Pool
Forward Retreat Point
M24 Chaffee Light Tank
Riflemen Squad
M1 Anti-tank Gun Team
Construct Weapon Support Center
M3 Assault Carrier
Demolitions Package
.30 cal Machine Gun
Survival Training
homig
kerem
ShadowStorm
Jesus is my man
Chris
午睡红茶
Gengeta
Rodib
0
0
Comments
sign in to comment!
No comments posted yet!